 Dungeon Crawl Stone Soup version 0.14.0-26-g1682e81 (webtiles) character file.

6250 Aelig the Frost Mage (level 10, -1/56 HPs)
             Began as an Octopode Ice Elementalist on Apr 25, 2014.
             Was a Priest of Kikubaaqudgha.
             Slain by a centaur warrior (8 damage)
             ... on Level 11 of the Dungeon.
             The game lasted 00:52:12 (13529 turns).

Aelig the Frost Mage (Octopode Ice Elementalist)   Turns: 13529, Time: 00:52:13

HP  -1/56        AC  6     Str  7      XL: 10   Next: 82%
MP   0/25        EV 17     Int 20      God: Kikubaaqudgha [***...]
Gold 351         SH  0     Dex 14      Spells:  7 memorised,  1 level left

rFire  . . .     SeeInvis .     a - +0,+2 mace (protect)
rCold  + . .     Clarity  .     (no shield)
rNeg   . . .     Conserve .     (helmet restricted)
rPois  .         rCorr    .     (no amulet)
rElec  .         rRot     .     B - +5 ring of evasion
SustAb + .       Spirit   .     p - ring of protection from cold
rMut   .         Warding  .     o - ring of sustenance
Saprov . . .     Stasis   .     (no ring)
MR     .....                    I - ring of sustain abilities
                                (no ring)
                                (no ring)
                                (no ring)

@: not resistant to hostile enchantments, very stealthy
A: almost no armour, amphibious, 8 rings, constrict 8, camouflage 1, gelatinous
body 1
a: Receive Corpses, Renounce Religion


You were on level 11 of the Dungeon.
You worshipped Kikubaaqudgha.
Kikubaaqudgha was most pleased with you.
You were not hungry.

You visited 2 branches of the dungeon, and saw 12 of its levels.

You collected 351 gold pieces.

Inventory:

Hand weapons
 a - a +0,+2 mace of protection (weapon)
 l - a cursed +0 blowgun
 M - a +1,+1 hammer of pain
Missiles
 j - 6 curare-tipped needles
 N - 3 needles of confusion
Magical devices
 k - a wand of disintegration (11)
 w - a wand of digging (5)
 F - a wand of fireball (3)
Comestibles
 c - 6 bread rations
 f - 3 rotting chunks of ogre flesh
 g - a choko
 D - 2 beef jerkies
 E - 3 meat rations
 H - 9 cheeses
Scrolls
 e - 3 scrolls of amnesia
 h - a scroll of blinking {unknown}
 i - a scroll of magic mapping {unknown}
 m - 2 scrolls of fog {unknown}
 q - a scroll of fear {unknown}
 s - 4 scrolls of teleportation {unknown}
 t - a scroll of noise {unknown}
 x - 2 scrolls of enchant armour {unknown}
 y - a scroll of identify
 J - a scroll of recharging {unknown}
 K - a scroll of random uselessness {unknown}
Jewellery
 o - a ring of sustenance (on tentacle)
 p - a ring of protection from cold (right tentacle)
 r - an uncursed ring of invisibility
 B - a +5 ring of evasion (left tentacle)
 I - a ring of sustain abilities (on tentacle)
Potions
 u - a potion of brilliance
 A - 2 potions of resistance
Books
 b - a book of Frost

   Spells                             Type                      Level
   *Freeze                            Ice                          1
   *Throw Frost                       Conjuration/Ice              2
   Ozocubu's Armour                   Charms/Ice                   3
   *Throw Icicle                      Conjuration/Ice              4
   Summon Ice Beast                   Ice/Summoning                4
   Condensation Shield                Ice                          4
 v - Kikubaaqudgha's Collected Works on Stolen Souls
   (Kikubaaqudgha gifted it to you on level 7 of the Dungeon)

   Spells                             Type                      Level
   Pain                               Necromancy                   1
   Lethal Infusion                    Charms/Necromancy            2
   *Sublimation of Blood              Necromancy                   2
   *Regeneration                      Charms/Necromancy            3
   Control Undead                     Necromancy                   4
 z - Kikubaaqudgha's Guide on Black Rites
   (Kikubaaqudgha gifted it to you on level 11 of the Dungeon)

   Spells                             Type                      Level
   Animate Dead                       Necromancy                   4
   Excruciating Wounds                Charms/Necromancy            5
   *Agony                             Necromancy                   5
   *Dispel Undead                     Necromancy                   5
   Simulacrum                         Ice/Necromancy               6
 G - a Necronomicon

   Spells                             Type                      Level
   Haunt                              Necromancy/Summoning         7
   Borgnjor's Revivification          Necromancy                   8
   Death's Door                       Charms/Necromancy            8
   Necromutation                      Transmutation/Necromancy     8
Magical staves
 L - an uncursed staff of death


   Skills:
 - Level 2.0 Dodging
 * Level 5.3 Stealth
 - Level 7.0 Spellcasting
 - Level 8.0 Conjurations
 - Level 4.0 Charms
 * Level 5.1 Necromancy
 + Level 9.4 Ice Magic


You had one spell level left.
You knew the following spells:

 Your Spells              Type           Power        Failure   Level  Hunger
a - Freeze                Ice            ####         1%          1    None
b - Throw Frost           Conj/Ice       #####.       1%          2    None
c - Throw Icicle          Conj/Ice       #####...     2%          4    ###....
d - Regeneration          Chrm/Necr      ####......   6%          3    #......
e - Sublimation of Blood  Necr           ####......   1%          2    None
f - Agony                 Necr           ####....     38%         5    #####..
g - Dispel Undead         Necr           ####....     38%         5    #####..


Dungeon Overview and Level Annotations

Branches:
Dungeon (11/15)            Temple (1/1) D:5
    Orc: D:9-12        Lair: D:8-11

Altars:
Ashenzari
Cheibriados
Dithmenos
Elyvilon
Fedhas
Kikubaaqudgha
Makhleb
Nemelex Xobeh
Okawaru
Sif Muna
Trog
Vehumet
Xom
Yredelemnul
Zin
The Shining One

Shops:
D:5 (   D:6 (

Annotations:
D:3 exclusion: downstairs
D:4 exclusion: downstairs
D:5 exclusions: 2 doors and 1 more exclusion, Sigmund
D:6 Bikaver's ghost, experienced DrFE
D:7 exclusions: upstairs and 2 more exclusions, Joseph


Innate Abilities, Weirdness & Mutations

You cannot wear most types of armour.
You are amphibious.
You can wear up to eight rings at the same time.
You can use your tentacles to constrict many enemies at once.
Your skin changes colour to match your surroundings (Stlth).
Your rubbery body absorbs attacks (AC +1).


Message History

Aim: a centaur warrior (severely wounded)
You freeze the centaur warrior.
The centaur warrior is almost dead.
The centaur warrior hits you.
* * * LOW HITPOINT WARNING * * *
Drink which item? (? for menu, Esc to quit)
You feel better. The centaur warrior hits you!
* * * LOW HITPOINT WARNING * * *
The centaur warrior barely misses you.
A yaktaur comes into view.
Casting: Freeze
Confirm with . or Enter, or press ? or * to list all spells.
Aiming: Freeze
Press: ? - help, Shift-Dir - straight line, f/p - centaur warrior
Aim: a centaur warrior (almost dead)
You freeze the centaur warrior.
The centaur warrior is almost dead.
The centaur warrior hits you!
You die...
Kikubaaqudgha rasps: "You have failed me!
Welcome... death!"

...# ..... ......#
#......# #......# #......#
.#.....># #......#
.h.......# #......#
#.z...k..# #......#
#........# #......#
....h.....#########......#
#......c..c@(.........#
...........)..#####'###..#
######.......#.......#..#
#########.......#..# #.###
##########..#
.....###......<....#
#...#...........#
##%..###(......# #.####
#.......#


You could see a centaur warrior and a yaktaur.

Vanquished Creatures
  Pikel (D:5)
  A hippogriff (D:9)
  A human (D:7)
  2 hungry ghosts (D:7)
  3 sky beasts
  4 ogres
  3 centaurs
  2 orc warriors (D:6)
  2 phantoms
  4 ice beasts
  4 giant frogs
  2 gnoll sergeants
  4 scorpions
  7 wights
  18 killer bees
  A troll skeleton (D:8)
  3 hounds
  A jelly (D:8)
  2 centaur skeletons
  A centaur zombie (D:6)
  A crimson imp (D:6)
  Crazy Yiuf (D:3)
  6 orc priests
  7 worker ants
  Natasha (thrice) (D:6)
  11 orc wizards
  4 sheep (D:7)
  Ijyb (D:3)
  Jessica (D:3)
  A hound zombie (D:5)
  A hound skeleton (D:6)
  9 gnolls
  A mummy (D:4)
  A steam dragon skeleton (D:7)
  2 giant mites
  11 adders
  An inept feature mimic (D:8)
  6 worms
  3 giant eyeballs
  4 giant geckos
  2 oozes
  41 orcs
  A ball python (D:7)
  9 bats
  A bat zombie (D:7)
  14 hobgoblins
  4 jackals (D:11)
  15 kobolds
  5 quokkas
  7 giant cockroaches
  A giant gecko zombie (D:7)
  9 giant newts
  10 goblins
  A kobold skeleton (D:7)
  An orc skeleton (D:6)
  7 rats
  4 ballistomycetes (D:7)
273 creatures vanquished.

Vanquished Creatures (others)
  2 slaves (D:5)
  An orc priest (D:5)
  2 gnolls (D:5)
  An orc (D:5)
  A quokka (D:5)
  A giant spore (D:7)
  A kobold (D:5)
  2 rats
  A plant (D:11)
12 creatures vanquished.

Grand Total: 285 creatures vanquished

Notes
Turn   | Place    | Note
--------------------------------------------------------------
     0 | D:1      | Aelig, the Octopode Ice Elementalist, began the quest for the Orb.
     0 | D:1      | Reached XP level 1. HP: 11/11 MP: 3/3
   523 | D:1      | Reached XP level 2. HP: 12/17 MP: 2/4
  1053 | D:2      | Reached skill level 4 in Ice Magic
  1110 | D:3      | Reached XP level 3. HP: 21/21 MP: 4/6
  2013 | D:2      | Reached XP level 4. HP: 27/27 MP: 4/7
  2044 | D:2      | Learned a level 2 spell: Throw Frost
  2140 | D:2      | Reached skill level 5 in Ice Magic
  2711 | D:3      | Reached XP level 5. HP: 27/31 MP: 3/9
  3139 | D:3      | Noticed Crazy Yiuf
  3340 | D:3      | Noticed Ijyb
  3348 | D:3      | Killed Ijyb
  3348 | D:3      | Reached skill level 6 in Ice Magic
  3733 | D:3      | Noticed Jessica
  3736 | D:3      | Killed Jessica
  3946 | D:4      | Reached XP level 6. HP: 36/36 MP: 1/10
  4031 | D:5      | Entered Level 5 of the Dungeon
  4298 | D:4      | Noticed an ogre
  4304 | D:4      | Killed an ogre
  4304 | D:4      | Reached skill level 7 in Ice Magic
  4564 | D:4      | Reached XP level 7. HP: 19/41 MP: 3/12
  5034 | D:4      | Reached skill level 8 in Ice Magic
  5560 | D:5      | Found Pnaipexi's Antique Weapon Shoppe.
  5852 | D:5      | Found a staircase to the Ecumenical Temple.
  5863 | Temple   | Entered the Ecumenical Temple
  5907 | Temple   | Became a worshipper of Kikubaaqudgha
  6379 | D:5      | Noticed Sigmund
  6474 | D:5      | Reached XP level 8. HP: 14/46 MP: 0/17
  6716 | D:5      | Noticed Pikel
  7124 | D:5      | Reached skill level 5 in Spellcasting
  7198 | D:5      | Killed Pikel
  7659 | D:7      | Reached XP level 9. HP: 39/51 MP: 23/23
  7792 | D:6      | Learned a level 4 spell: Throw Icicle
  7831 | D:7      | Acquired Kikubaaqudgha's first power
  7831 | D:7      | Received a gift from Kikubaaqudgha
  7834 | D:7      | Identified Kikubaaqudgha's Collected Works on Stolen Souls (Kikubaaqudgha gifted it to you on level 7 of the Dungeon)
  7952 | D:7      | Learned a level 3 spell: Regeneration
  7955 | D:7      | Learned a level 2 spell: Sublimation of Blood
  8090 | D:6      | Noticed Natasha
  8105 | D:6      | Killed Natasha
  8111 | D:6      | Noticed Natasha
  8111 | D:6      | Reached skill level 1 in Charms
  8113 | D:6      | Killed Natasha
  8113 | D:6      | Reached skill level 1 in Necromancy
  8839 | D:7      | Acquired Kikubaaqudgha's second power
  8888 | D:7      | Reached skill level 5 in Conjurations
  9057 | D:6      | Noticed Natasha
  9058 | D:6      | Killed Natasha
  9465 | D:6      | Found Zier's Antique Weapon Shop.
  9774 | D:6      | Reached XP level 10. HP: 26/56 MP: 4/25
  9893 | D:6      | Noticed Bikaver's ghost (experienced DrFE)
 10096 | D:3      | Killed Crazy Yiuf
 11274 | D:7      | Noticed Joseph
 11494 | D:8      | Found Eroobboamn's Gadget Shop.
 11500 | D:8      | Eroobboamn's Gadget Shop was a mimic.
 11625 | D:8      | Found an iron altar of Okawaru.
 13112 | D:9      | Reached skill level 9 in Ice Magic
 13188 | D:10     | Entered Level 10 of the Dungeon
 13278 | D:11     | Reached skill level 5 in Necromancy
 13283 | D:11     | Received a gift from Kikubaaqudgha
 13432 | D:11     | Identified Kikubaaqudgha's Guide on Black Rites (Kikubaaqudgha gifted it to you on level 11 of the Dungeon)
 13441 | D:11     | Learned a level 5 spell: Agony
 13447 | D:11     | Learned a level 5 spell: Dispel Undead
 13485 | D:11     | Noticed a centaur warrior
 13496 | D:11     | Reached skill level 5 in Stealth
 13529 | D:11     | Slain by a centaur warrior

Action                   |  1- 3 |  4- 6 |  7- 9 | 10-12 || total
-------------------------+-------+-------+-------+-------++-------
Melee: Unarmed           |    52 |    48 |    43 |       ||   143
       Dagger            |       |       |     1 |       ||     1
       Mace              |       |       |    81 |    91 ||   172
 Cast: Freeze            |    38 |    80 |   271 |    97 ||   486
       Throw Frost       |       |    25 |    53 |    36 ||   114
       Throw Icicle      |       |       |     7 |    48 ||    55
       Sublimation of Bl |       |       |     5 |     2 ||     7
       Regeneration      |       |       |     1 |     1 ||     2
Evoke: Wand              |       |     1 |     2 |     1 ||     4
  Use: Potion            |     1 |       |     2 |     5 ||     8
       Scroll            |       |     1 |     7 |     4 ||    12
 Stab: Sleeping          |     3 |     2 |     2 |     3 ||    10
       Distracted        |       |     1 |       |       ||     1
